 Dungeon Crawl Stone Soup version 0.14-a0-1653-g0ad7a2c (webtiles) character file.

273 M4edhros the Ducker (level 5, -2/36 HPs)
             Began as an Octopode Chaos Knight on Dec 28, 2013.
             Was a Plaything of Xom.
             Slain by an orc wizard
             ... wielding a +0,+0 orcish dagger
              (6 damage)
             ... on Level 4 of the Dungeon.
             The game lasted 00:02:43 (2693 turns).

M4edhros the Ducker (Octopode Chaos Knight)         Turns: 2693, Time: 00:02:43

HP  -2/36        AC  1     Str 11      XL: 5   Next: 42%
MP   5/5         EV 14     Int 15      God: Xom
Gold 112         SH  0     Dex 13      Spells:  0 memorised,  4 levels left

rFire  . . .     SeeInvis .     a - +0,+1 spear (chaos)
rCold  . . .     Clarity  .     (no shield)
rNeg   . . .     Conserve .     (helmet restricted)
rPois  .         rCorr    .     (no amulet)
rElec  .         rRot     .     b - +1 ring of dexterity
SustAb . .       Spirit   .     (no ring)
rMut   .         Warding  .     (no ring)
Saprov . . .     Stasis   .     (no ring)
                                (no ring)
                                (no ring)
                                (no ring)
                                (no ring)

@: flying, slightly resistant to hostile enchantments, fairly stealthy
A: almost no armour, amphibious, 8 rings, constrict 8, camouflage 1, gelatinous
body 1
a: Renounce Religion


You were on level 4 of the Dungeon.
You worshipped Xom.
You were a favourite toy of Xom.
You were hungry.

You visited 1 branch of the dungeon, and saw 4 of its levels.

You collected 112 gold pieces.

Inventory:

Hand weapons
 a - a +0,+1 spear of chaos (weapon)
Comestibles
 c - 5 bread rations
 d - 4 meat rations
 f - a pear
Scrolls
 g - a scroll of teleportation
 i - a scroll of remove curse {unknown}
 l - a scroll of enchant armour
 n - a scroll of random uselessness
Jewellery
 b - a +1 ring of dexterity (left tentacle)
Potions
 e - 2 potions of curing
 o - a potion of paralysis
 s - a potion of restore abilities


   Skills:
 - Level 3.0 Fighting
 - Level 3.0 Polearms
 + Level 5.6 Dodging


You had 4 spell levels left.
You didn't know any spells.

Dungeon Overview and Level Annotations

Branches:
Dungeon (4/16)
 Temple: D:4-7

Altars:

Annotations:
D:2 Sigmund


Innate Abilities, Weirdness & Mutations

You cannot wear most types of armour.
You are amphibious.
You can wear up to eight rings at the same time.
You can use your tentacles to constrict many enemies at once.
Your skin changes colour to match your surroundings (Stlth).
Your rubbery body absorbs attacks (AC +1).


Message History

Unknown command.
Drink which item? (? for menu, Esc to quit)
You feel better.
You constrict the orc wizard.
The orc wizard points at you and mumbles some strange words.
The puff of flame hits you!
One of your 2 scrolls labeled AMILOO SABEY {tried} catches fire!
* * * LOW HITPOINT WARNING * * *
The orc misses you.
The orc wizard gestures at you while chanting.
The puff of frost misses you. The orc hits you with an orcish club.
* * * LOW HITPOINT WARNING * * *
Drink which item? (? for menu, Esc to quit)
You feel better.
You constrict the orc wizard.
The orc wizard hits you with an orcish dagger.
* * * LOW HITPOINT WARNING * * *
The orc hits you with an orcish mace.
* * * LOW HITPOINT WARNING * * *
The orc wizard hits you with an orcish dagger.
You die...
Xom chuckles heartily!

......................
######..####..####..#
#..# #..# ..# #..#
#..# . #..####..#
#........# #........#
#..####..# #..# #o@#
#..# #ooo.....# #..#
#.r......# #..#
#..####..# #... ...#
.# . ....# ##..# #...
...


You could see 2 orc wizards, 2 orcs and a rat.

Vanquished Creatures
  A crimson imp (D:4)
  A worker ant (D:4)
  5 adders
  A giant mite (D:1)
  7 bats
  6 giant cockroaches
  4 goblins
  8 hobgoblins
  2 jackals (D:2)
  6 kobolds
  A quokka (D:3)
  A ball python (D:1)
  6 giant newts
  5 rats
54 creatures vanquished.

Vanquished Creatures (others)
  A giant gecko (D:2)
  2 rats (D:1)
3 creatures vanquished.

Grand Total: 57 creatures vanquished

Notes
Turn   | Place    | Note
--------------------------------------------------------------
     0 | D:1      | M4edhros, the Octopode Chaos Knight, began the quest for the Orb.
     0 | D:1      | Reached XP level 1. HP: 16/16 MP: 1/1
   108 | D:1      | Reached XP level 2. HP: 3/21 MP: 2/2
   536 | D:1      | XOM: divination: detect items
   646 | D:1      | Reached XP level 3. HP: 26/26 MP: 3/3
   870 | D:1      | XOM: scenery: 4 doors open, 1 doors close
  1049 | D:1      | XOM: silly message
  1271 | D:2      | Reached skill level 4 in Dodging
  1514 | D:2      | XOM: medium Conj miscast
  1531 | D:2      | XOM: 3-stop teleportation journey
  1811 | D:2      | Reached XP level 4. HP: 27/31 MP: 4/4
  1878 | D:2      | Noticed Sigmund
  1994 | D:3      | XOM: silly message
  2077 | D:3      | Paralysed by a potion of paralysis for 2 turns
  2175 | D:3      | XOM: harmless Summ miscast
  2223 | D:3      | XOM: cast spell 'Statue Form'
  2330 | D:3      | Reached skill level 5 in Dodging
  2634 | D:4      | Reached XP level 5. HP: 23/36 MP: 5/5
  2693 | D:4      | Slain by an orc wizard

Action                   |  1- 3 |  4- 6 || total
-------------------------+-------+-------++-------
Melee: Spear             |    97 |    64 ||   161
  Use: Scroll            |       |    12 ||    12
       Potion            |       |     8 ||     8
 Stab: Petrified         |     1 |       ||     1
       Sleeping          |     2 |     4 ||     6
       Paralysed         |       |     2 ||     2
       Distracted        |       |     1 ||     1
